 Dungeon Crawl Stone Soup version 0.31-a0-222-gefeffbb62a (webtiles) character file.

Game seed: 16583790809984134180

105022 LynnLen the Imperceptible (level 15, -9/56 HPs)
             Began as a Spriggan Enchanter on July 5, 2023.
             Was the Champion of Dithmenos.
             Mangled by Agnes
             ... wielding a +1 lajatang of electrocution
              (28 damage)
             ... on level 2 of the Spider Nest on July 6, 2023.
             The game lasted 02:31:30 (34374 turns).

LynnLen the Imperceptible (Spriggan Enchanter)     Turns: 34374, Time: 02:31:31

Health: -9/56      AC: 12    Str:  8    XL:     15   Next: 93%
Magic:  34/34      EV: 31    Int: 25    God:    Dithmenos [******]
Gold:   510        SH:  3    Dex: 15    Spells: 11/42 levels left

rFire   + . .        F - +8 rapier "Ultimatum" {elec, rC- rN+ Str+4}
rCold   x . .        X - +0 buckler {reflect}
rNeg    + . .        Q - +5 steam dragon scales
rPois   +            Z - +2 hat
rElec   .            q - scarf {repulsion}
rCorr   .            (gloves unavailable)
SInv    +            (boots unavailable)
Will    ++...        j - amulet of Royalty {RegenMP rF+ Stlth+} Stlth *********+
                     c - ring of poison resistance
HPRegen 0.29/turn    B - +5 ring of evasion
MPRegen 0.64/turn

%: repel missiles, reflection
@: mighty, wreathed by umbra, studying 2 skills, very quick
A: very small, no large weapons, unfitting armour, see invisible, speed 3, frail
1, screaming 1, no potion heal 1
a: Renounce Religion, Shadow Step, Shadow Form


You were on level 2 of the Spider Nest.
You worshipped Dithmenos.
Dithmenos was exalted by your worship.
You visited 6 branches of the dungeon, and saw 27 of its levels.
You visited 1 bazaar.

You collected 2299 gold pieces.
You spent 1789 gold pieces at shops.

Inventory:

Hand Weapons
 F - the +8 rapier "Ultimatum" (weapon) {elec, rC- rN+ Str+4}
   (You bought it in a shop in a bazaar)

   Str:       It affects your strength (+4).
   rC:        It makes you vulnerable to cold.
   rN:        It protects you from negative energy.
Missiles
 e - a throwing net
 h - 49 poisoned darts (quivered)
Armour
 q - a scarf of repulsion (worn)
 Q - +5 steam dragon scales (worn)
 X - a +0 buckler of reflection (worn)
 Z - a +2 hat (worn)
Jewellery
 c - a ring of poison resistance (left hand)
 f - a ring of ice
 g - a +6 ring of dexterity
 j - the amulet of Royalty (around neck) {RegenMP rF+ Stlth+}
   (You found it on level 15 of the Dungeon)

   [amulet of magic regeneration]

   It increases your rate of magic regeneration.
   rF:        It protects you from fire.
   Stlth:     It makes you more stealthy.
 B - a +5 ring of evasion (right hand)
 D - a +4 ring of slaying
 J - a ring of willpower
 P - a ring of protection from fire
 R - a ring of flight
 T - a ring of resist corrosion
 U - a ring of positive energy
 Y - a ring of wizardry
Wands
 b - a wand of iceblast (12)
 l - a wand of digging (2)
 v - a wand of charming (17)
 I - a wand of flame (5)
 V - a wand of polymorph (3)
Scrolls
 k - 6 scrolls of vulnerability
 m - 10 scrolls of teleportation
 t - a scroll of brand weapon
 w - 6 scrolls of amnesia
 x - 2 scrolls of summoning
 y - 6 scrolls of immolation
 z - 4 scrolls of identify
 C - 7 scrolls of fear
 G - 2 scrolls of fog
 O - 2 scrolls of silence
Potions
 a - a potion of attraction
 d - a potion of magic
 i - 6 potions of brilliance
 o - 4 potions of enlightenment
 p - 3 potions of mutation
 r - a potion of berserk rage {unknown}
 s - 4 potions of lignification
 u - 4 potions of curing
 A - 4 potions of might
 E - a potion of ambrosia
 L - 2 potions of cancellation
 S - a potion of resistance
Miscellaneous
 H - a lightning rod (4/4)
 K - a phantom mirror
 M - a sack of spiders


   Skills:
 + Level 9.3 Short Blades
 + Level 16.0 Dodging
 * Level 26.0 Stealth
 + Level 14.3 Spellcasting
 + Level 3.8 Conjurations
 - Level 13.8 Hexes
 - Level 3.5 Fire Magic
 - Level 2.3 Ice Magic
 + Level 2.7 Earth Magic
 + Level 2.8 Poison Magic
 + Level 8.5 Invocations
 - Level 10.0 Evocations


You had 11 spell levels left.
You knew the following spells:

 Your Spells              Type           Power      Damage    Failure   Level
a - Ensorcelled Hibernat  Hex/Ice        100%       N/A       1%          2
b - Confusing Touch       Hex            72%        N/A       1%          3
c - Tukima's Dance        Hex            72%        N/A       1%          3
d - Dazzling Flash        Conj/Hex       100%       N/A       1%          3
e - Starburst             Conj/Fire      18%        6d7       87%         6
f - Lehudib's Crystal Sp  Conj/Erth      17%        10d5      100%        8
g - Poisonous Vapours     Pois/Air       48%        N/A       4%          2
h - Olgreb's Toxic Radia  Pois           32%        N/A       16%         4

Your spell library contained the following spells:

 Spells                   Type           Power      Damage    Failure   Level
 Sting                    Tmut/Pois      96%        1d7       3%          1
 Hailstorm                Conj/Ice       33%        3d8       4%          3
 Apportation              Tloc           34%        N/A       5%          1
 Necrotise                Necr           68%        1d7       5%          1
 Summon Small Mammal      Summ           68%        N/A       5%          1
 Volatile Blastmotes      Fire/Tloc      52%        2d14      8%          3
 Silence                  Hex/Air        25%        N/A       9%          5
 Vhi's Electric Charge    Tloc/Air       34%        N/A       16%         3
 Iskenderun's Mystic Bla  Conj/Tloc      27%        2d7       24%         4
 Ice Form                 Ice/Tmut       23%        N/A       32%         4
 Animate Dead             Necr           17%        N/A       45%         4
 Passage of Golubria      Tloc           17%        N/A       45%         4
 Arcjolt                  Conj/Air       13%        1d23      54%         5
 Plasma Beam              Fire/Air       13%        2x1d24    98%         6
 Simulacrum               Ice/Necr       11%        N/A       99%         6
 Haunt                    Necr/Summ      8%         N/A       100%        7
 Infestation              Necr           8%         N/A       100%        8


Dungeon Overview and Level Annotations

Branches:
Dungeon (15/15)            Temple (1/1) D:4            Lair (5/5) D:10
 Shoals (2/4) Lair:3       Spider (2/4) Lair:3        Slime (0/5) Lair:4
    Orc (2/2) D:10            Elf (0/3) Orc:2        Vaults (0/5) D:14
 Depths (0/4) D:15

Altars:
Ashenzari
Cheibriados
Dithmenos
Elyvilon
Fedhas
Gozag
Hepliaklqana
Kikubaaqudgha
Makhleb
Nemelex Xobeh
Okawaru
Qazlal
Ru
Sif Muna
Trog
Uskayaw
Vehumet
Wu Jian
Xom
Yredelemnul
Zin
The Shining One
Jiyva

Shops:
D:1 ?   D:7 ?   D:10 ??*!   D:14 [[?=   Orc:2 (*[=

Portals:
Trove: D:14 (give +6 demon trident)

Annotations:
D:3 1 runed translucent door, reriks's ghost, amateur AtFi
D:4 3 runed translucent doors, dialectric's ghost, novice DsFi
D:6 2 transporters
D:13 exclusions: ice statue and obsidian statue
Lair:2 6 runed translucent doors
Shoals:1 Roxanne
Spider:2 Agnes


Innate Abilities, Weirdness & Mutations

You are very small and have problems with some larger weapons.
You are too small for most types of armour.
You have supernaturally acute eyesight. (SInv)
You cover ground extremely quickly. (Speed+++)
You are frail. (-10% HP)
You occasionally shout uncontrollably at your foes.
Potions are less effective at restoring your health.


Message History

Agnes hits you with a +1 lajatang of electrocution!
You emit a cloud of dark smoke.
You climb upwards.
There is a stone staircase leading down here.
You start resting.
Magic restored.
You start resting.
HP restored.
You climb downwards.
Level annotation: Agnes Agnes hits you but does no damage.
Agnes closely misses you.
There is a stone staircase leading up, spattered with blood here.
Casting: Tukima's Dance (safe; 1% risk of failure)
Confirm with . or Enter, or press ? or * to list all spells.
Aiming: Ensorcelled Hibernation (safe; 1% risk of failure)
Press: ? - help, Shift-Dir - straight line, f - Agnes
Aim: Agnes, wielding a +1 lajatang of electrocution and wearing a +0 robe (moderately wounded, umbra, chance to affect: 10%)
Okay, then.
You feel very mighty all of a sudden.
Agnes hits you with a +1 lajatang of electrocution!!
Ouch! That really hurt!
You emit a cloud of dark smoke.
Agnes says, "You dishonour your ancestors."
Agnes closely misses you.
Your system partially rejects the healing.
You feel much better. Agnes barely misses you.
Agnes hits you with a +1 lajatang of electrocution!
You are electrocuted!
* * * LOW HITPOINT WARNING * * *
You emit a cloud of dark smoke.
Your system partially rejects the healing.
You feel much better. Agnes completely misses you.
Agnes says, "You dishonour your ancestors."
Agnes completely misses you.
Okay, then.
Agnes mutters, "I could really go for a good breadfruit right now."
Agnes attacks as you move away! You block Agnes's attack.
Agnes attacks as you move away!
Agnes hits you with a +1 lajatang of electrocution!!
Ouch! That really hurt!
You die...

##### #^ ##...####.#
##....##..# ##....§..^.###
##...(........##
##..)...§..§§§..###
#.........§§§§....#
###@i....§§§§§..... ..
##..#^....§§§§§.....
(^..####..##########§§.....
#.....## ##..... ####.##
##... #..# #. ##.# .. #.#


You could see Agnes.

Vanquished Creatures
  Saint Roka (Orc:2)
  Gastronok (Lair:2)
  Kirke (Shoals:2)
  A ghost moth (Spider:1)
  Nessos (D:14)
  Josephine (D:15)
  A merfolk javelineer (Shoals:2)
  A fire dragon (D:15)
  Fannar (D:12)
  An ice dragon (D:15)
  2 catoblepae
  3 hydras
  2 ogre magi
  2 centaur warriors
  A jorogumo (Spider:1)
  3 boulder beetles
  8 two-headed ogres
  A death knight (D:14)
  A death scarab (Spider:1)
  2 demonic crawlers (Spider:1)
  A tengu warrior (D:14)
  An orc high priest (Orc:2)
  Urug (D:13)
  Nergalle (Orc:1)
  3 skysharks
  2 orb spiders (Spider:1)
  2 sea snakes
  A phantasmal warrior (D:15)
  5 harpies (Shoals:2)
  3 orc sorcerers (Orc:2)
  2 ugly things
  3 deep elf pyromancers
  3 orc knights
  12 fauns
  4 wolf spiders
  2 manticores (Shoals:1)
  8 cyclopes
  10 elephants (Lair:1)
  3 black mambas
  2 merfolk sirens
  8 cane toads
  2 gargoyles (D:7)
  2 torpor snails
  A water nymph (Shoals:1)
  A kobold demonologist (D:7)
  4 unseen horrors
  5 freezing wraiths
  An efreet (D:15)
  Psyche (D:8)
  2 rime drakes (Lair:4)
  8 komodo dragons
  2 tengu conjurers (D:14)
  5 trolls
  9 merfolk
  A polar bear (Lair:4)
  2 hornets
  2 tarantellas (Spider:1)
  10 dream sheep
  7 blink frogs (Lair:3)
  A snapping turtle (Shoals:2)
  11 jumping spiders
  Sigmund (D:2)
  4 culicivoras (Spider:1)
  4 slime creatures
  A water elemental (Shoals:1)
  A vampire (D:11)
  44 yaks
  A shadow (D:12)
  9 wraiths
  21 vampire mosquitoes
  5 wyverns
  11 redbacks
  5 humans (D:13)
  5 basilisks
  5 hogs (Shoals:2)
  2 steam dragons
  3 acid dragons
  11 water moccasins
  3 wargs
  2 sky beasts
  An ice beast (D:6)
  35 orc warriors
  3 black bears
  7 wolves
  11 ogres
  8 centaurs
  2 phantoms
  6 kobold brigands
  12 bullfrogs
  Blork the orc (D:5)
  4 gnoll sergeants
  5 scorpions
  4 wights (D:7)
  9 killer bees
  2 howler monkeys
  An electric eel (Lair:3)
  7 hounds
  4 jellies
  A gnoll bouda (D:8)
  19 orc priests
  A sleepcap (D:6)
  3 iguanas
  31 orc wizards
  6 hell rats
  19 gnolls
  8 adders
  4 white imps
  2 dart slugs
  81 orcs
  2 bats (D:2)
  3 endoplasms
  6 giant cockroaches
  10 goblins
  13 hobgoblins
  8 jackals (D:2)
  5 quokkas
  14 ball pythons
  3 frilled lizards
  18 kobolds
  9 rats
715 creatures vanquished.

Vanquished Creatures (collateral kills)
  Jorgrun (Lair:3)
  3 two-headed ogres
  A tengu warrior (D:14)
  An orc knight (D:15)
  A merfolk siren (Shoals:1)
  A tengu conjurer (D:14)
  An ogre (D:10)
  2 orc warriors (Orc:2)
  A centaur (D:7)
  A kobold brigand (D:10)
  A wight (D:7)
  2 orc wizards
  A gnoll (D:8)
  6 orcs
23 creatures vanquished.

Vanquished Creatures (others)
  A merfolk siren (Shoals:1)
  A tengu conjurer (D:14)
  11 dancing weapons
  2 orc wizards
  17 tentacles (Shoals:1)
32 creatures vanquished.

Grand Total: 770 creatures vanquished

Notes
Turn   | Place    | Note
-------+----------+-------------------------------------------
     0 | D:1      | LynnLen the Spriggan Enchanter began the quest for the Orb.
     0 | D:1      | Reached XP level 1. HP: 9/9 MP: 5/5
   114 | D:1      | Found a faded altar of an unknown god.
   341 | D:1      | Reached skill level 5 in Stealth
   341 | D:1      | Reached XP level 2. HP: 13/13 MP: 6/6
   344 | D:1      | Learned a level 2 spell: Ensorcelled Hibernation
   545 | D:1      | Found Asajigas's Magic Scroll Shop.
   552 | D:1      | Bought a scroll of identify for 20 gold pieces
  1398 | D:2      | Noticed Sigmund
  1537 | D:2      | Reached XP level 3. HP: 16/16 MP: 5/8
  1609 | D:2      | Learned a level 3 spell: Confusing Touch
  1613 | D:2      | Learned a level 3 spell: Tukima's Dance
  2286 | D:2      | Killed Sigmund
  2287 | D:2      | Reached skill level 7 in Stealth
  2287 | D:2      | Reached XP level 4. HP: 21/21 MP: 7/11
  2287 | D:2      | Reached XP level 5. HP: 24/24 MP: 7/12
  2358 | D:2      | Learned a level 3 spell: Dazzling Flash
  2743 | D:3      | Reached skill level 5 in Hexes
  2747 | D:3      | Reached skill level 8 in Stealth
  2747 | D:3      | Reached XP level 6. HP: 19/28 MP: 1/13
  3687 | D:3      | Found a runed translucent door.
  3688 | D:3      | Noticed reriks's ghost (amateur AtFi)
  4126 | D:4      | Found a runed translucent gate.
  4127 | D:4      | Found a runed translucent gate.
  4128 | D:4      | Found a runed translucent gate.
  4232 | D:4      | Found a staircase to the Ecumenical Temple.
  4755 | D:4      | Noticed dialectric's ghost (novice DsFi)
  4941 | D:5      | Entered Level 5 of the Dungeon
  4965 | D:5      | Reached skill level 5 in Spellcasting
  4975 | D:5      | Noticed a wyvern
  4979 | D:5      | Killed a wyvern
  4980 | D:5      | Reached skill level 1 in Conjurations
  4980 | D:5      | Reached skill level 1 in Ice Magic
  4980 | D:5      | Reached XP level 7. HP: 32/32 MP: 15/15
  5098 | D:5      | Noticed Blork the orc
  5148 | D:5      | Killed Blork the orc
  5149 | D:5      | Reached skill level 9 in Stealth
  5598 | D:6      | Reached XP level 8. HP: 36/36 MP: 18/18
  5967 | D:6      | Reached skill level 10 in Stealth
  6466 | D:6      | Reached skill level 11 in Stealth
  6660 | D:6      | Found a transporter.
  6714 | D:6      | Found a transporter.
  6735 | D:6      | Reached XP level 9. HP: 30/39 MP: 21/21
  7302 | D:7      | Reached skill level 12 in Stealth
  7932 | D:7      | Found Ogus's Magic Scroll Emporium.
  7935 | D:7      | Bought a scroll of identify for 20 gold pieces
  7935 | D:7      | Bought a scroll of immolation for 40 gold pieces
  7935 | D:7      | Bought a scroll of fear for 40 gold pieces
  7935 | D:7      | Bought a scroll of teleportation for 30 gold pieces
  7935 | D:7      | Bought a scroll of vulnerability for 40 gold pieces
  7935 | D:7      | Bought a scroll of amnesia for 40 gold pieces
  7935 | D:7      | Bought a scroll of fog for 40 gold pieces
  8277 | D:7      | Noticed a white ugly thing
  8277 | D:7      | Noticed a gargoyle
  8282 | D:7      | Reached skill level 13 in Stealth
  8288 | D:7      | Killed a gargoyle
  8338 | D:7      | Killed a white ugly thing
  8339 | D:7      | Reached skill level 14 in Stealth
  8510 | D:7      | Reached XP level 10. HP: 44/44 MP: 24/24
  8608 | D:7      | Noticed a two-headed ogre
  8610 | D:7      | Noticed a cyclops
  8611 | D:7      | Noticed a gargoyle
  8617 | D:7      | Noticed a cyclops
  8624 | D:7      | Reached skill level 15 in Stealth
  8649 | D:7      | Killed a gargoyle
  8673 | D:7      | Killed a two-headed ogre
  8674 | D:7      | Reached skill level 10 in Hexes
  8860 | D:7      | Killed a cyclops
  8861 | D:7      | Reached skill level 16 in Stealth
  8861 | D:7      | Killed a cyclops
  8862 | D:7      | Reached skill level 10 in Spellcasting
  9166 | D:1      | Bought a scroll of brand weapon for 95 gold pieces
  9166 | D:1      | Bought a scroll of amnesia for 40 gold pieces
  9166 | D:1      | Bought a scroll of immolation for 40 gold pieces
  9166 | D:1      | Bought a scroll of teleportation for 30 gold pieces
  9325 | Temple   | Entered the Ecumenical Temple
  9336 | Temple   | Became a worshipper of Dithmenos the Shadowed
  9945 | D:8      | Reached skill level 1 in Evocations
 10031 | D:8      | Noticed Psyche
 10041 | D:8      | Killed Psyche
 10042 | D:8      | Reached skill level 1 in Invocations
 10356 | D:8      | Reached * piety under Dithmenos
 10460 | D:8      | Found a hazy altar of Hepliaklqana.
 10794 | D:9      | Found a hide-covered altar of Uskayaw.
 10799 | D:9      | Found a white marble altar of Elyvilon.
 10805 | D:9      | Found a shimmering altar of Xom.
 10813 | D:9      | Found a stormy altar of Qazlal.
 10861 | D:9      | Reached XP level 11. HP: 47/47 MP: 25/26
 10966 | D:9      | Reached skill level 5 in Dodging
 11068 | D:9      | Reached skill level 17 in Stealth
 11649 | D:10     | Entered Level 10 of the Dungeon
 11851 | D:10     | Found a staircase to the Lair.
 11915 | D:10     | Reached ** piety under Dithmenos
 12105 | D:10     | Noticed a two-headed ogre
 12114 | D:10     | Killed a two-headed ogre
 12134 | D:10     | Identified the +12 arbalest of Offuh {heavy, Dex+4}
 12181 | D:10     | Found Buvaoso's Magic Scroll Shoppe.
 12181 | D:10     | Found Peusicy's Distillery.
 12181 | D:10     | Found Qaerejou's General Store.
 12182 | D:10     | Found Cicvo's Magic Scroll Shoppe.
 12208 | D:10     | Bought a scroll of identify for 26 gold pieces
 12208 | D:10     | Bought a scroll of identify for 26 gold pieces
 12211 | D:10     | Bought 2 scrolls of identify for 48 gold pieces
 12211 | D:10     | Bought a scroll of identify for 24 gold pieces
 12405 | D:10     | Found a staircase to the Orcish Mines.
 12891 | D:10     | Noticed a two-headed ogre
 12902 | D:10     | Killed a two-headed ogre
 13007 | Lair:1   | Entered Level 1 of the Lair of Beasts
 13100 | Lair:1   | Reached skill level 18 in Stealth
 13500 | Lair:1   | Reached skill level 5 in Evocations
 13532 | Lair:1   | Reached XP level 12. HP: 29/51 MP: 10/28
 14568 | Lair:2   | Reached *** piety under Dithmenos
 14842 | Lair:2   | Reached skill level 19 in Stealth
 15218 | Lair:2   | Noticed Gastronok
 15285 | Lair:2   | Killed Gastronok
 15286 | Lair:2   | Reached skill level 10 in Dodging
 15441 | Lair:2   | Found a runed translucent door.
 15556 | Lair:2   | Reached skill level 5 in Invocations
 15764 | Lair:2   | Reached skill level 5 in Short Blades
 15773 | Lair:2   | Found a runed translucent gate.
 15773 | Lair:2   | Found a runed translucent gate.
 15773 | Lair:2   | Found a runed translucent gate.
 15773 | Lair:2   | Found a runed translucent gate.
 15773 | Lair:2   | Found a runed translucent gate.
 15773 | Lair:2   | Found a runed translucent gate.
 15773 | Lair:2   | Noticed a boulder beetle
 15919 | D:10     | Bought a scroll of brand weapon for 114 gold pieces
 16083 | Lair:3   | Found a staircase to the Shoals.
 16148 | Lair:3   | Identified the +2 helmet of Truth {Regen+}
 16181 | Lair:3   | Noticed a catoblepas
 16187 | Lair:3   | Killed a catoblepas
 16234 | Lair:3   | Noticed a four-headed hydra
 16239 | Lair:3   | Killed a four-headed hydra
 16376 | Lair:3   | Reached **** piety under Dithmenos
 16400 | Lair:3   | Reached XP level 13. HP: 55/55 MP: 30/30
 16636 | Lair:3   | Found a hole to the Spider Nest.
 16801 | Lair:3   | Reached skill level 20 in Stealth
 17473 | D:10     | Bought a scroll of identify for 24 gold pieces
 17473 | D:10     | Bought a scroll of identify for 24 gold pieces
 17473 | D:10     | Bought a scroll of summoning for 114 gold pieces
 17566 | Lair:4   | Found a viscous altar of Jiyva.
 17567 | Lair:4   | Found a staircase to the Slime Pits.
 18111 | Lair:4   | Identified the +1 helmet "Muckus" {Dex+2}
 18284 | Lair:4   | Learned a level 6 spell: Starburst
 18623 | Lair:5   | Entered Level 5 of the Lair of Beasts
 18654 | Lair:5   | Reached ***** piety under Dithmenos
 19370 | D:11     | Found a broken altar of Ashenzari.
 19829 | D:11     | Reached skill level 21 in Stealth
 20290 | D:12     | Noticed Fannar
 20291 | D:12     | Killed Fannar
 21474 | D:13     | Found a flickering gateway to a bazaar.
 21492 | D:13     | Reached XP level 14. HP: 59/59 MP: 26/31
 21507 | Bazaar   | Entered a bazaar
 21545 | Bazaar   | Found Haagh's Antique Armour Boutique.
 21564 | Bazaar   | Found Unimumatt's Antique Weapon Shoppe.
 21582 | Bazaar   | Found Atoneh's General Store.
 21604 | Bazaar   | Found Siv Ynko's Assorted Antiques.
 21685 | Bazaar   | Bought a twisted rapier for 153 gold pieces
 21685 | Bazaar   | Identified the +8 rapier "Ultimatum" {elec, rC- rN+ Str+4}
                  | (You bought it in a shop in a bazaar)
 21927 | D:13     | Reached skill level 1 in Fire Magic
 22123 | D:13     | Noticed Urug
 22128 | D:13     | Killed Urug
 22345 | D:14     | Reached skill level 22 in Stealth
 22387 | D:14     | Found Eliog's Jewellery Boutique.
 22396 | D:14     | Identified the +3 war axe of Koluwnen {speed, *Corrode
                  | *Slow +Blink Fly rF+++}
 22413 | D:14     | Found a gate to the Vaults.
 22566 | D:14     | Found a portal to a secret trove of treasure.
 22597 | D:14     | Found Wacakail's Magic Scroll Boutique.
 22597 | D:14     | Noticed Nessos
 22600 | D:14     | Killed Nessos
 22605 | D:14     | Bought a scroll of enchant armour for 82 gold pieces
 22631 | D:14     | Found Fotwyjidi's Armour Boutique.
 22639 | D:14     | Bought a +0 buckler of reflection for 119 gold pieces
 22708 | D:14     | Found Suuthred's Armour Boutique.
 23604 | D:15     | Entered Level 15 of the Dungeon
 23694 | D:15     | Noticed Josephine
 23743 | D:15     | Found a sparkling altar of Nemelex Xobeh.
 23768 | D:15     | Identified the amulet of Royalty {RegenMP rF+ Stlth+}
 23907 | D:15     | Reached skill level 23 in Stealth
 24185 | D:15     | Killed Josephine
 24757 | D:15     | Found a staircase to the Depths.
 24768 | D:15     | Reached ****** piety under Dithmenos
 24833 | D:15     | Gained mutation: Potions are less effective at restoring
                  | your health. [a shining eye]
 24835 | D:15     | Gained mutation: You are frail. (-10% HP) [a shining eye]
 24842 | D:15     | Gained mutation: You occasionally shout uncontrollably at
                  | your foes. [a shining eye]
 25484 | D:10     | Upgraded the game from 0.31-a0-221-gbddc013574 to
                  | 0.31-a0-222-gefeffbb62a
 25485 | Orc:1    | Entered Level 1 of the Orcish Mines
 25485 | Orc:1    | Noticed Nergalle
 25492 | Orc:1    | Killed Nergalle
 25586 | Orc:2    | Entered Level 2 of the Orcish Mines
 26333 | Orc:2    | Found a staircase to the Elven Halls.
 27089 | Orc:2    | Reached skill level 10 in Evocations
 27819 | Orc:2    | Reached skill level 24 in Stealth
 28002 | Orc:2    | Noticed Saint Roka
 28145 | Orc:2    | Reached XP level 15. HP: 56/56 MP: 33/33
 29125 | Orc:2    | Found Zoutz's Antique Weapon Emporium.
 29143 | Orc:2    | Killed Saint Roka
 29151 | Orc:2    | Found Ikle's General Store.
 29157 | Orc:2    | Found Dudel's Jewellery Emporium.
 29163 | Orc:2    | Found Osoxt's Antique Armour Emporium.
 29698 | Shoals:1 | Entered Level 1 of the Shoals
 29707 | Shoals:1 | Noticed Roxanne
 29714 | Shoals:1 | Noticed Jorgrun
 29925 | Lair:3   | Killed Jorgrun
 30036 | D:10     | Bought a book of the Moon for 560 gold pieces
 30045 | D:10     | Learned a level 8 spell: Lehudib's Crystal Spear
 30136 | Lair:3   | Reached skill level 15 in Dodging
 30363 | Shoals:1 | Learned a level 2 spell: Poisonous Vapours
 30368 | Shoals:1 | Learned a level 4 spell: Olgreb's Toxic Radiance
 30746 | Shoals:1 | Reached skill level 1 in Earth Magic
 31025 | Shoals:1 | Reached skill level 1 in Poison Magic
 31318 | Shoals:1 | Reached skill level 25 in Stealth
 31534 | Shoals:1 | Noticed a kraken
 33020 | Shoals:2 | Noticed Kirke
 33096 | Shoals:2 | Killed Kirke
 33279 | Spider:1 | Entered Level 1 of the Spider Nest
 34016 | Spider:1 | Reached skill level 26 in Stealth
 34287 | Spider:2 | Noticed Agnes
 34374 | Spider:2 | Mangled by Agnes

Illustrated notes

Levels and vault maps discovered:
D:1:      dpeg_arrival_three_same_balls, layout_loops_corners,
          ebering_ecumenical_altar_webs, serial_shops,
          nicolae_shop_tiny_statue_garden, minmay_misc_feat_four_crosses,
          chequers_serial_rivers_room_a, minmay_door_square,
          minmay_misc_feat_encased, kennysheep_flooded_box
D:2:      layout_basic, uniq_sigmund
D:3:      minmay_bubble_buster, layout_basic, ebering_ghost_reflecting_pool,
          minmay_quadrilaterals
D:4:      layout_rooms, minmay_temple_entry_statues_fountains,
          gammafunk_ghost_necromancy, serial_glass, glass_columns_c,
          glass_columns_a, dreamdust_wishing_well
D:5:      layout_rooms, minmay_circle_x, uniq_blork_the_orc
D:6:      gammafunk_steamed_eel, layout_loops_ring, hangedman_decor_points
D:7:      minmay_the_grid_triangle_9x9_rhombus_full
          [minmay_the_grid_triangle_9x9_checkered,
          minmay_the_grid_triangle_9x9_warning,
          minmay_the_grid_triangle_9x9_longest,
          minmay_the_grid_triangle_9x9_flanged_cone,
          minmay_the_grid_triangle_9x9_corruption,
          minmay_the_grid_triangle_9x9_negative_grid,
          minmay_the_grid_triangle_9x9_alien,
          minmay_the_grid_triangle_9x9_prize_insulated], layout_loops_ring,
          serial_shops, nicolae_shop_real_fake_doors, minivault_5
D:8:      layout_loops_corners, nicolae_hepliaklqana_hazy_memory,
          kennysheep_generic_room_10, uniq_psyche
D:9:      layout_roguey, grunt_temple_overflow_cloverleaf,
          kennysheep_windowed_goal
D:10:     minmay_s_stair_smasher, layout_basic, david_lair_generic,
          kennysheep_orc_monster_closet_entryway, minmay_shop_grid_forest
D:11:     layout_basic, nicolae_ashenzari_panopticon
D:12:     layout_loops_corners, uniq_fannar
D:13:     layout_roguey, serial_shops, bzr_entry_customers, chequers_jeans,
          david_greed, uniq_urug
D:14:     layout_roguey, david_vaults_2, nicolae_triple_integral,
          nicolae_trove_entry_crossroad, serial_shops, shop, shop,
          nicolae_shop_hallway_stairs, nicolae_shop_tiny_real_fake_doors,
          david_defended_altar_orc, uniq_nessos
D:15:     grunt_enter_depths_hoard, layout_irregular_city, serial_park_gazebo
          [serial_park_minivault_5x5_8], corexii_checkpoint_a,
          nemelex_xobeh_ov_fountains_minmay, uniq_josephine
Temple:   sentei_temple_godly_chess
Lair:1:   layout_layer_cave, grunt_forest_small_clearing_treed,
          serial_bayou_shore_b
Lair:2:   gammafunk_indiana_jones, layout_misc_corridors, st_stairs_5,
          serial_bayou_pond_d, uniq_gastronok
Lair:3:   layout_regular_city, elwin_shoals_entry_rooms,
          spider_nest_entry_web_field, nicolae_quartered_pool_impasse,
          serial_bayou_shore_b
Lair:4:   layout_regular_city, slime_entry_1, grunt_megastairs_2
Lair:5:   evilmike_catoblepas_cave, layout_regular_city,
          nicolae_volcano_entry_lava_flow
Shoals:1: layout_shoals, uniq_jorgrun, uniq_roxanne
Shoals:2: layout_shoals, portal_ice_cave_entry_ice_simulacra,
          nicolae_shoals_spectral_cove, uniq_kirke
Spider:1: layout_spider_delve, nicolae_spider_webbed_stairs
Spider:2: layout_cave_pods, nicolae_spider_eight_legs, uniq_agnes
Orc:1:    layout_caves, uniq_nergalle
Orc:2:    grunt_orc_cross, layout_caves

Skill      XL: |  1  2  3  4  5  6  7  8  9 10 11 12 13 14 15 |
---------------+----------------------------------------------+-----
Stealth        | 5 7 8 9 11 14 16 18 19 21 24 26 | 26.0
Spellcasting   | 3 4 5 6 7 9 10 11 12 13 14 | 14.3
Hexes          | 4 5 6 8 9 10 11 12 13 | 13.8
Conjurations   | 1 2 3 |  3.8
Ice Magic      | 1 2 |  2.3
Dodging        | 4 8 10 13 14 16 | 16.0
Evocations     | 2 5 7 8 10 | 10.0
Invocations    | 1 3 5 6 7 8 |  8.5
Short Blades   | 3 5 6 8 9 |  9.3
Fire Magic     | 3 |  3.5
Earth Magic    | 2 |  2.7
Poison Magic   | 2 |  2.8

Action                     |  1- 3 |  4- 6 |  7- 9 | 10-12 | 13-15 || total
---------------------------+-------+-------+-------+-------+-------++-------
  Melee: Dagger            |   137 |   146 |   216 |   365 |   226 ||  1090
         Punch             |     1 |     1 |     5 |     3 |     6 ||    16
         Rapier            |       |       |       |       |   487 ||   487
  Throw: Dart              |       |       |       |     1 |    13 ||    14
   Cast: Ensorcelled Hiber |    19 |    36 |    65 |   178 |   286 ||   584
         Confusing Touch   |       |     1 |    12 |     8 |    39 ||    60
         Tukima's Dance    |       |       |     9 |     4 |    57 ||    70
         Dazzling Flash    |       |       |       |       |     3 ||     3
         Poisonous Vapours |       |       |       |       |    14 ||    14
         Olgreb's Toxic Ra |       |       |       |       |     6 ||     6
 Invoke: Shadow Form       |       |       |       |       |     1 ||     1
  Evoke: Wand              |       |       |       |    15 |     7 ||    22
         Lightning rod     |       |       |       |     2 |     4 ||     6
         Phantom mirror    |       |       |       |       |     1 ||     1
    Use: Scroll            |     1 |     2 |     3 |    18 |    16 ||    40
         Potion            |     1 |       |     4 |     2 |    12 ||    19
   Stab: Sleeping          |    26 |    48 |    60 |   146 |   263 ||   543
         Confused          |       |       |    13 |     8 |    33 ||    54
         Invisible         |       |       |     6 |     2 |     9 ||    17
 Armour: Robe              |    11 |    14 |     6 |     7 |       ||    38
         Steam dragon scal |       |       |       |    12 |    54 ||    66
  Dodge: Dodged            |   110 |    82 |   130 |   283 |   767 ||  1372
         Repelled          |       |       |     1 |     1 |     7 ||     9
  Block: Other             |       |     9 |    36 |    66 |    47 ||   158
         Reflection        |       |       |     2 |     2 |     7 ||    11
         Buckler           |       |       |       |       |    83 ||    83

Table legend: (Time is in decaauts)
 A = Elapsed time spent in this place.
 B = Non-inter-level travel time spent in this place.
 C = Inter-level travel time spent in this place.
 D = Time resting spent in this place.
 E = Time spent auto-exploring this place.
 F = Levels seen in this place.
 G = Mean time per level.
                   A        B        C        D        E       F      G
               +--------+--------+--------+--------+--------+-----+--------+
         Total |  24604 |  22887 |   1717 |   4125 |   8172 |  28 |  878.7 |
       Dungeon |  13655 |  12463 |   1192 |   1577 |   5744 |  15 |  910.3 |
        Temple |     10 |     10 |      0 |      0 |      0 |   1 |   10.0 |
          Lair |   4917 |   4519 |    398 |    829 |   1875 |   5 |  983.4 |
        Shoals |   2160 |   2124 |     36 |    691 |    277 |   2 | 1080.0 |
   Spider Nest |    697 |    675 |     22 |    109 |     59 |   2 |  348.5 |
  Orcish Mines |   2999 |   2933 |     66 |    883 |    215 |   2 | 1499.5 |
        Bazaar |    163 |    163 |      0 |     34 |      0 |   1 |  163.0 |
               +--------+--------+--------+--------+--------+-----+--------+

Top non-repeatable levels by time:
   Orc:2: 1865 daAuts
Shoals:1: 1789 daAuts
  Lair:3: 1623 daAuts
     D:6: 1338 daAuts
     D:7: 1300 daAuts
  Lair:2: 1257 daAuts
     D:3: 1191 daAuts
    D:10: 1181 daAuts
    D:15: 1142 daAuts
   Orc:1: 1133 daAuts
  Lair:1: 1097 daAuts
     D:2: 959 daAuts
    D:14: 937 daAuts
  Lair:4: 904 daAuts
     D:1: 861 daAuts
